 Dungeon Crawl Stone Soup version bcrawl-1.27.5 (webtiles) character file.

Game seed: 8653160672145846010

717338 Faustar the Brawler (level 15, -2/158 HPs)
             Began as a Troll Berserker on Aug 14, 2020.
             Was a High Priest of Trog.
             Slain by an 11-headed hydra (3 damage)
             ... on level 2 of the Swamp.
             The game lasted 00:33:08 (14325 turns).

Faustar the Brawler (Troll Berserker)              Turns: 14325, Time: 00:33:08

Health: -2/158     AC: 15    Str: 35    XL:     15   Next: 8%
Magic:  0/23       EV: 14    Int:  4    God:    Trog [*****.]
Gold:   1388       SH:  0    Dex: 20    Spells: 14/14 levels left

rFire    . . .     SeeInvis .     - Claws (48.6)
rCold    + . .     Gourm    +   (no shield)
rNeg     + . .     Faith    .   (armour unavailable)
rPois    +         Spirit   +   v - +2 hat
rElec    .         Reflect  .   S - +1 cloak {rPois}
rCorr    .         Harm     .   (gloves unavailable)
MR       +....                  (boots unavailable)
Stlth    ++........             F - amulet of Divine Intervention {Spirit rN+ MP+9 Str+5}
HPRegen  1.16/turn              T - +7 ring of dexterity
MPRegen  0.18/turn              E - ring of protection from cold

@: no status effects
A: large, almost no armour, claws 3, fast metabolism 3, gourmand, regeneration
2, AC +11
a: Berserk, Trog's Hand, Brothers in Arms, Renounce Religion


You were on level 2 of the Swamp.
You worshipped Trog.
Trog was extremely pleased with you.
You were hungry.

You visited 3 branches of the dungeon, and saw 18 of its levels.

You collected 1577 gold pieces.
You spent 189 gold pieces at shops.

Inventory:

Armour
 v - a +2 hat (worn)
 N - a +0 medium shield
 S - a +1 cloak of poison resistance (worn)
Jewellery
 k - an uncursed ring of protection from magic
 p - a +4 ring of strength
 E - a ring of protection from cold (right claw)
 F - the amulet of Divine Intervention (around neck) {Spirit rN+ MP+9 Str+5}
   (You found it on level 8 of the Dungeon)

   [amulet of guardian spirit]

   It causes incoming damage to be split between your health and magic.
   It affects your strength (+5).
   It protects you from negative energy.
   It affects your magic capacity (+9).
 L - an uncursed ring of see invisible
 O - the ring "Edoudip" {Dex+2 Stlth--}
   (You found it on level 2 of the Lair of Beasts)

   [ring of attention]

   It affects your dexterity (+2).
   It makes you much less stealthy.
 Q - an uncursed ring of stealth
 T - a +7 ring of dexterity (left claw)
Wands
 m - a wand of digging (6)
 s - a wand of flame (68)
 t - a wand of disintegration (15)
 C - a wand of iceblast (12)
 K - a wand of paralysis (6)
 R - a wand of scattershot (6)
 Z - a wand of clouds (6)
Scrolls
 a - 6 scrolls of remove curse
 g - 13 scrolls of teleportation
 l - 2 scrolls of magic mapping {unknown}
 o - 3 scrolls of fog {unknown}
 q - 2 scrolls of fear {unknown}
 u - 4 scrolls of amnesia
 x - 4 scrolls of enchant weapon
 y - 6 scrolls of enchant armour
 z - a scroll of torment
 X - a scroll of immolation
Potions
 b - 5 potions of curing
 c - a potion of might
 d - a potion of cancellation
 h - 2 potions of brilliance
 i - 3 potions of flight
 j - a potion of magic
 n - 2 potions of heal wounds
 r - 3 potions of invisibility
 w - 3 potions of haste
 A - 3 potions of agility
 G - 5 potions of mutation
 J - a potion of ambrosia
 P - a potion of berserk rage
 V - a potion of lignification
Miscellaneous
 f - a lightning rod (4/4)
 B - a lamp of fire
 H - a phantom mirror
 Y - a box of beasts
Comestibles
 e - 19 rations {!d}


   Skills:
 - Level 12.9 Fighting
 - Level 6.2 Dodging
 + Level 9.8 Shields
 - Level 15.0 Unarmed Combat


You had 14 spell levels left.
You didn't know any spells.
Your spell library was empty.

Dungeon Overview and Level Annotations

Branches:
Dungeon (10/12)            Temple (0/1) D:4            Lair (6/6) D:9
  Swamp (2/3) Lair:3       Spider (0/3) Lair:3        Slime (0/5) Lair:6
    Orc: D:8-11

Altars:
Kikubaaqudgha
Qazlal
Trog
The Shining One
Jiyva

Shops:
D:5 [


Innate Abilities, Weirdness & Mutations

You cannot wear most types of armour.
Your thick skin is tough. (AC +11)
You are too large for most types of armour.
You have claws for hands.
Your metabolism is lightning-fast.
You like to eat raw meat.
You heal very quickly.


Message History

Your larval oxbat beast hits the 11-headed hydra.
Your larval oxbat beast barely misses the 11-headed hydra.
The spriggan rider barely misses you.
The 11-headed hydra bites you but does no damage.
The 11-headed hydra misses you. The 11-headed hydra bites you.
* * * LOW HITPOINT WARNING * * *
The 11-headed hydra bites you!
* * * LOW HITPOINT WARNING * * *
The 11-headed hydra bites you.
* * * LOW HITPOINT WARNING * * *
The 11-headed hydra bites you but does no damage.
The 11-headed hydra bites you.
* * * LOW HITPOINT WARNING * * *
The 11-headed hydra completely misses you.
The 11-headed hydra bites you.
* * * LOW HITPOINT WARNING * * *
The 11-headed hydra bites you!
* * * LOW HITPOINT WARNING * * *
The 11-headed hydra bites you.
You die...

♣..♣♣♣♣†.≈♣.)♣
♣.≈.♣♣..≈≈≈.♣♣
.≈♣♣.≈.♣≈..≈≈≈.♣♣
≈.
.≈≈≈≈≈†≈≈≈§≈≈♣.≈♣
≈≈♣
§≈≈≈...≈.≈≈♣≈.<≈♣♣
..≈♣♣
♣.≈.≈≈≈≈≈.♣♣♣§.≈≈♣♣
(♣≈≈♣♣ ♣♣♣≈....≈.♣
♣≈.≈≈.♣ ♣...≈..
♣♣♣.≈≈♣.♣ ♣♣.≈♣H♣♣
.≈≈≈≈(§ ♣≈≈≈≈[♣
♣♣≈@Di♣♣≈.≈≈..≈
♣.≈≈≈.♣
♣.>♣≈..≈≈≈....
♣♣≈≈≈≈.♣
♣♣....♣...♣♣.♣
♣≈≈≈≈..♣ ♣♣...♣.♣♣♣
♣♣...≈.♣ ♣♣..♣.♣
♣.≈.≈♣♣ ♣♣.≈.♣
♣.≈≈≈♣♣ ♣≈≈.♣
♣..≈.≈♣ ♣.≈≈.♣
♣.≈≈≈≈♣♣ ♣.≈.♣♣


You could see a 11-headed hydra, a spriggan rider and a friendly larval oxbat
beast.

Vanquished Creatures
  The ghost of FIQ the Archer, a journeyman DsAc of Okawaru (Lair:5)
  Harold (Lair:4)
  6 hydras
  A catoblepas (Lair:1)
  An alligator (Swamp:2)
  A two-headed ogre (D:9)
  The ghost of FIQ the Protected, a journeyman DsAc of Hepliaklqana (Lair:3)
  The ghost of FIQ the Basher, a novice DsAc of Hepliaklqana (Lair:1)
  A tengu warrior (D:8)
  18 death yaks
  A swamp dragon (Swamp:1)
  A cyclops (D:8)
  3 lindwurms (Lair:6)
  A manticore (Lair:6)
  5 elephants (Lair:6)
  A moth of wrath (Lair:1)
  A centaur skeleton (D:8)
  2 black mambas
  A torpor snail (Lair:6)
  13 cane toads
  4 rime drakes
  4 komodo dragons
  4 trolls
  A polar bear (Lair:2)
  11 blink frogs
  2 dream sheep (Lair:6)
  A tyrant leech (Swamp:1)
  10 slime creatures
  4 hornets (Swamp:1)
  7 hippogriffs
  A redback (Lair:3)
  3 spriggans (Swamp:1)
  21 yaks
  A wyvern (Lair:1)
  Grum (D:9)
  A hungry ghost (D:8)
  A steam dragon (D:7)
  2 basilisks
  6 insubstantial wisps (Swamp:1)
  Edmund (D:5)
  4 swamp worms (Swamp:1)
  13 crocodiles
  12 water moccasins
  2 swamp drakes (Swamp:1)
  12 porcupines
  4 ice beasts (D:9)
  3 orc warriors (D:8)
  A sky beast (D:4)
  4 black bears
  2 phantoms (D:4)
  A necrophage (D:5)
  6 ogres
  A boggart (D:10)
  2 centaurs
  4 wolves
  12 bullfrogs
  5 big kobolds
  A gnoll sergeant (D:6)
  5 scorpions
  6 killer bees (D:7)
  5 wights (D:6)
  A howler monkey (D:9)
  2 electric eels (Lair:2)
  4 crimson imps
  2 centaur zombies
  8 hounds
  6 orc priests
  4 jellies
  A bullfrog skeleton (D:8)
  5 iguanas
  9 orc wizards
  4 worker ants
  2 hound zombies
  14 gnolls
  A howler monkey skeleton (D:5)
  5 adders
  A shadow imp (D:8)
  2 oozes (D:4)
  5 adder skeletons
  2 worms
  5 dart slugs
  6 leopard geckos
  34 orcs
  3 bats
  3 giant cockroaches
  2 goblins
  12 hobgoblins
  11 jackals
  48 kobolds
  5 quokkas
  2 ball pythons (D:1)
  6 frilled lizards
  A quokka skeleton (D:4)
  5 rats
473 creatures vanquished.

Vanquished Creatures (collateral kills)
  4 hydras
  A death yak (Lair:6)
  A komodo dragon (Lair:3)
  2 yaks (Lair:3)
  A crocodile (Lair:3)
  2 porcupines (Lair:3)
11 creatures vanquished.

Vanquished Creatures (others)
  An orc (D:7)
  50 fungi
  43 plants
94 creatures vanquished.

Grand Total: 578 creatures vanquished

Notes
Turn   | Place    | Note
-------+----------+-------------------------------------------
     0 | D:1      | Faustar the Troll Berserker began the quest for the Orb.
     0 | D:1      | Reached XP level 1. HP: 22/22 MP: 0/0
    74 | D:1      | Reached XP level 2. HP: 29/29 MP: 1/1
   648 | D:1      | Reached XP level 3. HP: 37/37 MP: 2/2
   811 | D:2      | Found an ancient bone altar of Kikubaaqudgha.
   935 | D:2      | Reached ** piety under Trog
  1286 | D:2      | Reached skill level 4 in Unarmed Combat
  1629 | D:3      | Gained mutation: Your natural rate of healing is unusually
                  | fast. [Troll growth]
  1629 | D:3      | Reached XP level 4. HP: 39/45 MP: 3/3
  1723 | D:3      | Reached XP level 5. HP: 49/54 MP: 4/4
  1962 | D:3      | Reached *** piety under Trog
  2086 | D:3      | Reached skill level 5 in Unarmed Combat
  2154 | D:3      | Reached XP level 6. HP: 63/63 MP: 5/5
  2353 | D:3      | Reached **** piety under Trog
  2420 | D:3      | Reached skill level 5 in Fighting
  2420 | D:3      | Reached skill level 6 in Unarmed Combat
  2420 | D:3      | Reached XP level 7. HP: 56/72 MP: 6/6
  2929 | D:4      | Reached skill level 7 in Unarmed Combat
  2943 | D:4      | Reached XP level 8. HP: 83/83 MP: 7/7
  3008 | D:4      | Found a staircase to the Ecumenical Temple.
  3127 | D:5      | Entered Level 5 of the Dungeon
  3151 | D:5      | Found a stormy altar of Qazlal.
  3282 | D:5      | Found a glowing golden altar of the Shining One.
  3331 | D:5      | Reached skill level 8 in Unarmed Combat
  3331 | D:5      | Noticed Edmund
  3428 | D:5      | Killed Edmund
  3718 | D:5      | Found Cuoq's Antique Armour Emporium.
  3726 | D:5      | Bought a glowing hat for 189 gold pieces
  3884 | D:6      | Reached ***** piety under Trog
  3910 | D:6      | Reached XP level 9. HP: 64/93 MP: 8/8
  3917 | D:6      | Reached skill level 9 in Unarmed Combat
  4192 | D:6      | Received a gift from Trog
  4448 | D:6      | Found a bloodstained altar of Trog.
  4758 | D:7      | Noticed a troll
  4763 | D:7      | Killed a troll
  4763 | D:7      | Reached skill level 10 in Unarmed Combat
  4855 | D:7      | Noticed a troll
  4861 | D:7      | Killed a troll
  4861 | D:7      | Reached XP level 10. HP: 49/107 MP: 9/9
  5441 | D:8      | Reached skill level 11 in Unarmed Combat
  5554 | D:8      | Noticed a cyclops
  5561 | D:8      | Killed a cyclops
  5569 | D:8      | Got a brightly glowing silver amulet
  5570 | D:8      | Identified the amulet of Divine Intervention {Spirit rN+
                  | MP+9 Str+5} (You found it on level 8 of the Dungeon)
  5986 | D:8      | Reached skill level 10 in Fighting
  6004 | D:8      | Received a gift from Trog
  6279 | D:9      | Noticed a tengu warrior
  6311 | D:8      | Killed a tengu warrior
  6311 | D:8      | Reached skill level 12 in Unarmed Combat
  6507 | D:9      | Reached XP level 11. HP: 108/119 MP: 10/10
  6727 | D:9      | Found a staircase to the Lair.
  6729 | D:9      | Noticed a two-headed ogre
  6745 | D:9      | Killed a two-headed ogre
  6850 | D:9      | Noticed Grum
  6855 | D:9      | Killed Grum
  7397 | D:10     | Entered Level 10 of the Dungeon
  7458 | D:10     | Got a twisted whip
  7492 | D:10     | Reached skill level 13 in Unarmed Combat
  7561 | Lair:1   | Entered Level 1 of the Lair of Beasts
  7618 | Lair:1   | Found a transporter.
  7653 | Lair:1   | Noticed a seven-headed hydra
  7658 | Lair:1   | Killed a seven-headed hydra
  7679 | Lair:1   | Found a transporter.
  7683 | Lair:1   | Noticed FIQ's ghost (novice DsAc)
  8086 | Lair:1   | Noticed a catoblepas
  8087 | Lair:1   | Noticed a six-headed hydra
  8104 | Lair:1   | Killed a catoblepas
  8129 | Lair:1   | Noticed a five-headed hydra
  8268 | Lair:1   | Killed a five-headed hydra
  8279 | Lair:1   | Killed a six-headed hydra
  8279 | Lair:1   | Gained mutation: You heal very quickly. [Troll growth]
  8279 | Lair:1   | Reached XP level 12. HP: 132/132 MP: 11/11
  8995 | Lair:2   | Got a steaming marble ring
  9162 | Lair:2   | Identified the ring "Edoudip" {Dex+2 Stlth--} (You found it
                  | on level 2 of the Lair of Beasts)
  9218 | Lair:2   | Reached skill level 14 in Unarmed Combat
  9789 | Lair:3   | Noticed a seven-headed hydra
  9795 | Lair:3   | Killed a nine-headed hydra
  9824 | Lair:3   | Found a staircase to the Swamp.
  9849 | Lair:3   | Found a hole to the Spider Nest.
  9850 | Lair:3   | Found a runed translucent gate.
  9850 | Lair:3   | Found a runed translucent gate.
  9850 | Lair:3   | Found a runed translucent gate.
 10460 | Lair:3   | Noticed FIQ's ghost (journeyman DsAc)
 10469 | Lair:3   | Killed FIQ's ghost
 10694 | Lair:1   | Killed FIQ's ghost
 11039 | Lair:4   | Noticed Harold
 11060 | Lair:4   | Reached XP level 13. HP: 95/141 MP: 12/12
 11075 | Lair:4   | Killed Harold
 11075 | Lair:4   | Reached skill level 15 in Unarmed Combat
 11176 | Lair:4   | Reached skill level 1 in Shields
 11736 | Lair:5   | Found a runed translucent door.
 11759 | Lair:5   | Noticed FIQ's ghost (journeyman DsAc)
 11794 | Lair:5   | Reached XP level 14. HP: 150/150 MP: 13/13
 11896 | Lair:5   | Killed FIQ's ghost
 12008 | Lair:5   | Reached skill level 5 in Shields
 12322 | Lair:6   | Entered Level 6 of the Lair of Beasts
 12642 | Lair:6   | Found a staircase to the Slime Pits.
 12643 | Lair:6   | Found a viscous altar of Jiyva.
 13573 | Swamp:1  | Entered Level 1 of the Swamp
 13825 | Swamp:1  | Reached XP level 15. HP: 158/158 MP: 14/14
 14325 | Swamp:2  | HP: 1/158 [11-headed hydra (12)]
 14325 | Swamp:2  | Slain by an 11-headed hydra

Skill      XL: |  1  2  3  4  5  6  7  8  9 10 11 12 13 14 |
---------------+-------------------------------------------+-----
Fighting       | 3 4 5 6 7 9 10 11 12 | 12.9
Unarmed Combat | 4 5 6 7 8 10 12 13 14 15 | 15.0
Dodging        | 6 |  6.2
Shields        | 3 9 |  9.8

Action                   |  1- 3 |  4- 6 |  7- 9 | 10-12 | 13-15 || total
-------------------------+-------+-------+-------+-------+-------++-------
Melee: Unarmed           |   109 |   178 |   249 |   375 |   374 ||  1285
       Punch             |     3 |     4 |     8 |    36 |    47 ||    98
Invok: Berserk           |       |     3 |     4 |     7 |     6 ||    20
       Trog's Hand       |       |       |     3 |     5 |     4 ||    12
       Brothers in Arms  |       |       |       |     6 |     2 ||     8
Evoke: Wand              |       |       |       |       |     4 ||     4
       Box of beasts     |       |       |       |       |     1 ||     1
  Use: Scroll            |       |     1 |     2 |    13 |     5 ||    21
       Potion            |       |       |       |     2 |     6 ||     8
 Stab: Distracted        |     1 |       |     1 |       |       ||     2
       Petrified         |       |       |       |     2 |       ||     2
       Sleeping          |       |       |       |     1 |       ||     1
  Eat: Chunk             |    15 |    14 |    20 |    58 |    27 ||   134
Armor: Skin              |    24 |    46 |    82 |   106 |   149 ||   407
Dodge: Dodged            |    45 |    93 |   116 |   169 |   215 ||   638
